 Dungeon Crawl Stone Soup version 0.30-a0-1103-g25895a7845 (webtiles) character file.

Game seed: 439178818826170442

4 demibob the Slasher (level 1, -1/15 HPs)
             Began as a Demonspawn Wanderer on Apr 18, 2023.
             Slain by a goblin
             ... wielding a +0 club
              (4 damage)
             ... on level 1 of the Dungeon.
             The game lasted 00:00:16 (32 turns).

demibob the Slasher (Demonspawn Wanderer)             Turns: 32, Time: 00:00:17

Health: -1/15      AC:  3    Str: 11    XL:     1   Next: 58%
Magic:  2/2        EV: 12    Int: 12    God:
Gold:   0          SH:  0    Dex: 14    Spells: 0/0 levels left

rFire   . . .      SeeInvis .    a - +2 falchion
rCold   . . .      Faith    .    (no shield)
rNeg    . . .      Spirit   .    e - +0 robe
rPois   .          Reflect  .    (no helmet)
rElec   .          Rampage  .    (no cloak)
rCorr   .                        (no gloves)
Will    .....                    c - +0 pair of boots
Stlth   +                        (no amulet)
HPRegen 0.22/turn                (no ring)
MPRegen 0.08/turn                (no ring)

@: no status effects
A: no striking features
a: no special abilities


You were on level 1 of the Dungeon.
You visited 1 branch of the dungeon, and saw 1 of its levels.


   Skills:
 - Level 1.0 Fighting
 + Level 3.0 Long Blades
 - Level 1.0 Maces & Flails
 - Level 1.0 Armour
 - Level 1.7 Dodging
 - Level 2.4 Invocations


You couldn't memorise any spells.
You didn't know any spells.
Your spell library was empty.

Inventory:

Hand Weapons
 a - a +2 falchion (weapon)
 b - a +0 mace
Armour
 c - a +0 pair of boots (worn)
 e - a +0 robe (worn)
Scrolls
 d - a scroll of fog

Dungeon Overview and Level Annotations

Branches:
Dungeon (1/15)

Altars:

#≈≈~~# # (....#.
#≈##~# .##.$.$.......
#≈~~~###.#...$$.......
+≈<#~#~~ #...$$.......
#≈~#~#~# #............
#~##~#~###..........#
#~~~#~#~.'..........#
##########....bg....#
##...@.....+
#....B....#
#.........#
#...........
###+####.... .... ...
..


You could see a giant cockroach, a goblin and a bat.


Message History

You barely miss the bat. The bat hits you but does no damage.
The giant cockroach bites you. The goblin hits you with a +0 club.
* * * LOW HITPOINT WARNING * * *
The giant cockroach barely misses you.
The dart slug bites you but does no damage.
The goblin hits you with a +0 club.
* * * LOW HITPOINT WARNING * * *
You hit the dart slug.
The dart slug is heavily wounded.
The bat closely misses you. The bat barely misses you.
The giant cockroach misses you. The goblin hits you but does no damage.
You hit the dart slug but do no damage.
The dart slug is heavily wounded.
The bat hits you.
* * * LOW HITPOINT WARNING * * *
The giant cockroach barely misses you. The dart slug launches a dart at you.
The slug dart misses you. The goblin barely misses you.
You hit the dart slug.
The dart slug is almost dead.
The bat closely misses you.
The giant cockroach bites you but does no damage.
The dart slug launches a dart at you.
The slug dart hits you but does no damage.
The goblin barely misses you. The giant cockroach bites you.
* * * LOW HITPOINT WARNING * * *
You hit the dart slug.
You kill the dart slug!
The bat hits you but does no damage. The goblin hits you with a +0 club.
You die...

Skill      XL: |  1 |
---------------+----+-----
Long Blades    | 3 |  3.0
Fighting       | |  1.0
Maces & Flails | |  1.0
Armour         | |  1.0
Dodging        | |  1.7
Invocations    | |  2.4

Action                     || total
---------------------------++-------
  Melee: Falchion          ||    11
 Armour: Robe              ||    13
  Dodge: Dodged            ||    13

Levels and vault maps discovered:
D:1:      ncdulo_wetmaze, layout_basic, dreamdust_wishing_well,
          grunt_decor_one_mirror, minmay_misc_feat_enclosed,
          minmay_misc_feat_rows, minmay_crystal_room, minmay_misc_feat_cross,
          serial_bayou_pond_e, minmay_tromino_v7

Notes
Turn   | Place    | Note
-------+----------+-------------------------------------------
     0 | D:1      | demibob the Demonspawn Wanderer began the quest for the
                  | Orb.
     0 | D:1      | demibob set off with the following items: a +2 falchion, a
                  | +0 mace, a +0 pair of boots, a scroll of fog, a +0 robe.
     0 | D:1      | Reached XP level 1. HP: 15/15 MP: 2/2
    28 | D:1      | Reached skill level 3 in Long Blades
    32 | D:1      | Slain by a goblin

Vanquished Creatures
  A dart slug (D:1)
  2 jackals (D:1)
  A quokka (D:1)
  A rat (D:1)
5 creatures vanquished.

Table legend: (Time is in decaauts)
 A = Elapsed time spent in this place.
 B = Non-inter-level travel time spent in this place.
 C = Inter-level travel time spent in this place.
 D = Time resting spent in this place.
 E = Time spent auto-exploring this place.
 F = Levels seen in this place.
 G = Mean time per level.
                   A        B        C        D        E       F      G
               +--------+--------+--------+--------+--------+-----+--------+
         Total |     41 |     41 |      0 |      0 |     22 |   1 |   41.0 |
       Dungeon |     41 |     41 |      0 |      0 |     22 |   1 |   41.0 |
               +--------+--------+--------+--------+--------+-----+--------+

Top non-repeatable levels by time:
     D:1: 41 daAuts

Table legend:
 A = Non-vault XP
 B = Vault XP
 C = Vault XP percentage of total XP
 D = Non-vault monster count
 E = Vault monster count
 F = Vault count percentage of total count
                 A         B        C        D         E       F
            +---------+---------+-------+---------+---------+-------
      Total |      11 |       0 |   0.0 |       5 |       0 |   0.0
            +---------+---------+-------+---------+---------+-------
        D:1 |      11 |       0 |   0.0 |       5 |       0 |   0.0
            +---------+---------+-------+---------+---------+-------
